 Dungeon Crawl Stone Soup version 0.18.1-48-g4cf74bf (webtiles) character file.

4832 poirepourri the Fighter (level 10, -2/96 HPs)
             Began as a Minotaur Berserker on July 9, 2016.
             Was a High Priest of Trog.
             Slain by a vampire (4 damage)
             ... on level 9 of the Dungeon.
             The game lasted 00:11:55 (8286 turns).

poirepourri the Fighter (Minotaur Berserker)        Turns: 8286, Time: 00:11:57

Health: -2/96      AC: 11    Str: 25    XL:     10   Next: 25%
Magic:  18/18      EV: 12    Int:  4    God:    Trog [*****.]
Gold:   597        SH:  0    Dex: 10    Spells: 0 memorised, 9 levels left

rFire  . . .     SeeInvis .     a - +4 hand axe (venom)
rCold  . . .     Gourm    .     m - +1 scale mail
rNeg   . . .     Faith    .     (no shield)
rPois  .         Spirit   .     (helmet restricted)
rElec  .         Dismiss  .     (no cloak)
rCorr  .         Reflect  .     u - +1 pair of gloves
SustAt .         Harm     .     (no boots)
MR     ++...                    (no amulet)
Stlth  ..........               (no ring)
                                l - ring of magical power

@: exhausted, very slightly contaminated, regenerating, hasted and slowed, very
resistant to hostile enchantments, extremely unstealthy
A: retaliatory headbutt, horns 2
a: Berserk, Trog's Hand, Brothers in Arms, Burn Spellbooks, Renounce Religion


You were on level 9 of the Dungeon.
You worshipped Trog.
Trog was extremely pleased with you.
You were not hungry.

You visited 2 branches of the dungeon, and saw 10 of its levels.

You collected 597 gold pieces.

Inventory:

Hand Weapons
 a - a +4 hand axe of venom (weapon)
Missiles
 h - 86 bolts
Armour
 m - a +1 scale mail (worn)
 o - a +0 shield
 u - a +1 pair of gloves (worn)
Jewellery
 c - a cursed +2 ring of slaying {unknown}
 g - an uncursed ring of flight
 l - a ring of magical power (left hand)
Wands
 f - a wand of random effects (23/48)
 s - a wand of flame (39/48)
 v - a wand of slowing (28/48)
 A - a wand of slowing (21/48)
Scrolls
 b - a scroll of identify
 d - a scroll of fog
 i - a scroll of noise {unknown}
 n - 3 scrolls of remove curse
 q - 2 scrolls of recharging
 r - a scroll of magic mapping
Potions
 e - a potion of cure mutation
 j - 5 potions of mutation
 k - a potion of brilliance
 t - 3 potions of haste
 w - a potion of lignification {unknown}
Comestibles
 p - 10 royal jellies
 x - a slice of pizza


   Skills:
 + Level 11.3 Fighting
 + Level 11.0 Axes
 + Level 6.9 Armour
 + Level 5.0 Dodging
 * Level 5.3 Shields


You had 9 spell levels left.
You didn't know any spells.

Dungeon Overview and Level Annotations

Branches:
Dungeon (9/15)             Temple (1/1) D:7
   Lair: D:8-11         Orc: D:9-12

Altars:
Ashenzari
Cheibriados
Dithmenos
Elyvilon
Fedhas
Gozag
Kikubaaqudgha
Makhleb
Nemelex Xobeh
Pakellas
Qazlal
Ru
Sif Muna
Trog
Vehumet
Xom
Yredelemnul
Zin
The Shining One

Shops:
D:8 *


Innate Abilities, Weirdness & Mutations

You reflexively headbutt those who attack you in melee.
You have a pair of horns on your head.


Message History

Your ogre goes berserk!
You feel somewhat more hungry.
The giant frog gives a loud, deep croak!
Something hits you.
* * * LOW HITPOINT WARNING * * *
Something bites you but does no damage.
The orc wizard hits you but does no damage.
An orc priest opens the door.
You miss something. You hit the orc wizard.
The orc wizard looks even sicker.
The orc wizard is severely wounded.
Your ogre barely misses the orc wizard.
Unknown command.
You closely miss something. You headbutt something!
You closely miss the orc wizard.
The orc wizard is severely wounded.
The orc wizard mumbles some strange words.
The orc wizard flickers and vanishes!
Something hits you.
* * * LOW HITPOINT WARNING * * *
Something bites you.
You die...

.. ..... .. ...
.... ... ##'# #..#
#'#
.##...###..###o.##
......F..........#
..........O......#
..........{......#
.........{@....o.#
.##..###..###..###
###+#######†.# #
.........#...#
.>.....<.'...#
.........#...#
##########...#
#...# #+###


You could see an orc warrior (fleeing), a giant frog, an orc priest (fleeing)
and a friendly ogre (berserk).

Vanquished Creatures
  Pikel (D:5)
  A two-headed ogre (D:8)
  A troll (D:7)
  Sigmund (D:2)
  2 hungry ghosts
  A hippogriff (D:7)
  Menkaure (D:4)
  An ice beast (D:8)
  An orc warrior (D:6)
  A black bear (D:8)
  3 slaves (D:5)
  A phantom (D:6)
  6 centaurs
  4 ogres
  A gnoll sergeant (D:4)
  A big kobold (D:8)
  A giant frog (D:8)
  A wyvern skeleton (D:5)
  2 scorpions
  6 killer bees (D:9)
  4 howler monkeys
  6 jellies
  3 crimson imps
  A giant frog zombie (D:8)
  2 hounds
  7 orc wizards
  A quasit (D:8)
  An orc priest (D:6)
  A centaur skeleton (D:4)
  Jessica (D:2)
  3 iguanas
  10 worker ants
  A hound zombie (D:8)
  2 hound skeletons
  2 worker ant zombies
  Robin (D:2)
  6 gnolls (D:4)
  9 adders
  2 shadow imps
  8 oozes
  An adder skeleton (D:4)
  5 worms
  2 giant geckos
  17 orcs
  5 bats
  4 bat skeletons (D:2)
  2 bat zombies (D:2)
  5 giant cockroaches
  14 goblins
  7 hobgoblins
  5 kobolds
  3 quokkas
  6 ball pythons
  5 giant newts
  6 rats
195 creatures vanquished.

Vanquished Creatures (others)
  A howler monkey skeleton (D:5)
1 creature vanquished.

Grand Total: 196 creatures vanquished

Notes
Turn   | Place    | Note
--------------------------------------------------------------
     0 | D:1      | poirepourri the Minotaur Berserker began the quest for the Orb.
     0 | D:1      | Reached XP level 1. HP: 19/19 MP: 0/0
   301 | D:1      | Reached XP level 2. HP: 15/27 MP: 1/1
   823 | D:2      | Noticed Sigmund
   827 | D:2      | Killed Sigmund
   827 | D:2      | Reached skill level 5 in Fighting
   827 | D:2      | Reached skill level 5 in Axes
   827 | D:2      | Reached XP level 3. HP: 29/37 MP: 2/2
   827 | D:2      | Reached XP level 4. HP: 35/44 MP: 3/3
   827 | D:2      | Reached XP level 5. HP: 40/50 MP: 4/4
   989 | D:2      | Reached ** piety under Trog
  1747 | D:2      | Noticed Jessica
  1759 | D:2      | Killed Jessica
  1796 | D:2      | Noticed Robin
  1796 | D:2      | Reached XP level 6. HP: 57/57 MP: 5/5
  1807 | D:2      | Killed Robin
  1981 | D:2      | Found an ancient bone altar of Kikubaaqudgha.
  2190 | D:3      | Found a basalt altar of Yredelemnul.
  2422 | D:3      | Reached *** piety under Trog
  2746 | D:4      | Noticed Menkaure
  2755 | D:4      | Killed Menkaure
  2755 | D:4      | Reached XP level 7. HP: 64/66 MP: 6/6
  3460 | D:4      | Noticed a hungry ghost
  3473 | D:4      | Killed a hungry ghost
  4002 | D:5      | Entered Level 5 of the Dungeon
  4088 | D:5      | Noticed Pikel
  4101 | D:5      | HP: 5/103 [Pikel/whip of electrocution (12)]
  4102 | D:5      | Killed Pikel
  4102 | D:5      | Reached XP level 8. HP: 5/79 MP: 7/7
  4567 | D:5      | Reached skill level 10 in Fighting
  4713 | D:5      | Found an opulent altar of Gozag.
  4877 | D:5      | Reached skill level 1 in Shields
  4897 | D:5      | Reached **** piety under Trog
  5304 | D:6      | Reached skill level 10 in Axes
  5304 | D:6      | Reached XP level 9. HP: 81/85 MP: 8/8
  5319 | D:6      | Found a shattered altar of Ashenzari.
  6438 | D:7      | Found a sparkling altar of Nemelex Xobeh.
  6514 | D:7      | Found a staircase to the Ecumenical Temple.
  6529 | Temple   | Entered the Ecumenical Temple
  6626 | D:7      | Reached skill level 5 in Armour
  6681 | D:7      | Reached ***** piety under Trog
  6774 | D:7      | Noticed a troll
  6781 | D:7      | Killed a troll
  7436 | D:8      | Found a glowing golden altar of the Shining One.
  7482 | D:8      | Found Gozag's Platinum Reserve.
  7497 | D:8      | Found an opulent altar of Gozag.
  7566 | D:8      | Reached XP level 10. HP: 83/95 MP: 9/9
  7757 | D:8      | Reached skill level 5 in Shields
  8273 | D:9      | Reached skill level 5 in Dodging
  8284 | D:9      | HP: 4/96 [something (4)]
  8286 | D:9      | Slain by a vampire

Skill      XL: |  1  2  3  4  5  6  7  8  9 10 |
---------------+-------------------------------+-----
Axes           | 5 6 7 9 10 11 | 11.0
Fighting       | 5 6 7 9 10 11 | 11.3
Shields        | 2 4 5 |  5.3
Armour         | 3 6 |  6.9
Dodging        | 4 5 |  5.0

Action                   |  1- 3 |  4- 6 |  7- 9 | 10-12 || total
-------------------------+-------+-------+-------+-------++-------
Melee: Hand axe          |    28 |   151 |   280 |    45 ||   504
       Headbutt          |     3 |    29 |    65 |    10 ||   107
Invok: Berserk           |     1 |     3 |     4 |     1 ||     9
       Burn Spellbooks   |       |     1 |     1 |       ||     2
       Trog's Hand       |       |     1 |       |     1 ||     2
       Brothers in Arms  |       |       |       |     1 ||     1
  Use: Scroll            |       |     7 |    16 |     5 ||    28
       Potion            |       |     1 |     5 |     1 ||     7
 Stab: Sleeping          |       |     1 |       |       ||     1
  Eat: Meat ration       |       |     1 |       |       ||     1
       Pizza             |       |     1 |     3 |       ||     4
       Beef jerky        |       |     1 |     1 |       ||     2
       Royal jelly       |       |     1 |       |     1 ||     2
       Fruit             |       |       |     3 |       ||     3
       Bread ration      |       |       |     6 |     1 ||     7
Armor: Animal skin       |     7 |    21 |     5 |       ||    33
       Scale mail        |       |       |   122 |    27 ||   149
       Leather armour    |       |       |     5 |       ||     5
Dodge: Dodged            |    27 |   104 |   167 |    31 ||   329
